 Dungeon Crawl Stone Soup version 0.19.5 (webtiles) character file.

35 McKennaii the Skirmisher (level 3, 0/33 HPs)
             Began as a Draconian Berserker on Apr 29, 2017.
             Was a Believer of Trog.
             Slain by an adder (2 damage)
             ... on level 2 of the Dungeon.
             The game lasted 00:01:58 (917 turns).

McKennaii the Skirmisher (Draconian Berserker)       Turns: 917, Time: 00:01:58

Health: 0/33       AC:  5    Str: 16    XL:     3   Next: 17%
Magic:  3/3        EV: 10    Int:  7    God:    Trog [**....]
Gold:   109        SH:  3    Dex: 11    Spells: 0 memorised, 2 levels left

rFire  . . .     SeeInvis .     a - +1 falchion
rCold  . . .     Gourm    .     (armour unavailable)
rNeg   . . .     Faith    .     (no shield)
rPois  .         Spirit   .     (helmet restricted)
rElec  .         Reflect  +     (no cloak)
rCorr  .         Harm     .     (no gloves)
MR     .....                    (no boots)
Stlth  +.........               e - +3 amulet of reflection
                                p - -3 ring of evasion (curse)
                                o - -3 ring of strength (curse)

@: lethally poisoned (0 -> -12)
A: unfitting armour, cold-blooded, AC +5
a: Berserk, Trog's Hand, Burn Spellbooks, Renounce Religion


You were on level 2 of the Dungeon.
You worshipped Trog.
Trog was pleased with you.
You were not hungry.

You visited 1 branch of the dungeon, and saw 2 of its levels.

You collected 109 gold pieces.

Inventory:

Hand Weapons
 a - a +1 falchion (weapon)
Jewellery
 e - a +3 amulet of reflection (around neck)
 k - an uncursed amulet of guardian spirit
 o - a cursed -3 ring of strength (left hand)
 p - a cursed -3 ring of evasion (right hand)
Wands
 j - a wand of random effects (19/48)
Scrolls
 d - a scroll of teleportation
 i - a scroll of identify
Potions
 c - a potion of curing
 h - a potion of berserk rage {unknown}
 l - 2 potions of heal wounds {unknown}
Comestibles
 b - 3 bread rations
 f - a chunk of flesh
 g - a meat ration
 n - a fruit


   Skills:
 + Level 3.7 Fighting
 + Level 3.4 Long Blades
 + Level 3.1 Dodging
 + Level 0.4 Stealth


You had 2 spell levels left.
You didn't know any spells.

Dungeon Overview and Level Annotations

Branches:
Dungeon (2/15)

Altars:
Xom


Innate Abilities, Weirdness & Mutations

Your plain brown scales are hard. (AC +5)
You cannot fit into any form of body armour.
You are cold-blooded and may be slowed by cold attacks.


Message History

* * * LOW HITPOINT WARNING * * *
You feel sick. The adder misses you.
You riposte.
You closely miss the adder.
The adder is almost dead.
The kobold hits you with a vampiric short sword.
* * * LOW HITPOINT WARNING * * *
The adder bites you but does no damage.
* * * LOW HITPOINT WARNING * * *
You feel sick.
You closely miss the kobold. You tail-slap the kobold.
The kobold is severely wounded.
* * * LOW HITPOINT WARNING * * *
You feel sick.
The kobold hits you with a vampiric short sword.
* * * LOW HITPOINT WARNING * * *
You completely miss the kobold. You tail-slap the kobold.
You kill the kobold!
Trog accepts your kill.
* * * LOW HITPOINT WARNING * * *
You feel sick. The adder bites you.
You die...

#.#.#.# ####.#.#(#.## ###
.............. ...
####.#.#.#.### #.# #########
#.#.#.# #.# #.......#
####.#.#.#.#####.#
#รท......#
.....#.#.......#.# #.......#
.#####.#..?....#.###.......#
(..............S@..........#
.#######.......#.###.......#
...............#.# #.......#
##########+###.... #.#######
...#######. #.#..##....
........... #.#..###..#
...#....... #.#... ...#
...#....... ..#.####..#####
...#....... #............


You could see an adder.

Vanquished Creatures
  A worm (D:2)
  4 bats
  A giant cockroach (D:2)
  3 hobgoblins
  4 jackals (D:2)
  A quokka (D:2)
  A ball python (D:2)
  2 frilled lizards (D:2)
  3 goblins
  7 kobolds
  5 rats
32 creatures vanquished.

Notes
Turn   | Place    | Note
-------+----------+-------------------------------------------
     0 | D:1      | McKennaii the Draconian Berserker began the quest for the Orb.
     0 | D:1      | Reached XP level 1. HP: 19/19 MP: 1/1
   195 | D:1      | Reached XP level 2. HP: 17/26 MP: 2/2
   538 | D:2      | Found a shimmering altar of Xom.
   711 | D:2      | Found a faded altar of an unknown god.
   784 | D:2      | Reached XP level 3. HP: 33/33 MP: 3/3
   866 | D:2      | Reached ** piety under Trog
   917 | D:2      | Slain by an adder

Skill      XL: |  1 |
---------------+----+-----
Dodging        | 3 |  3.1
Fighting       | |  3.7
Long Blades    | |  3.4
Stealth        | |  0.4

Action                   || total
-------------------------++-------
Melee: Falchion          ||    99
       Tailslap          ||    16
  Use: Scroll            ||     4
 Stab: Sleeping          ||     1
Armor: Skin              ||    32
Dodge: Dodged            ||    79
Block: Other             ||     7
       Rpst.: Falchion   ||    26
